 Dungeon Crawl Stone Soup version 0.28-a0-556-gab23d0e057 (webtiles) character file.

Game seed: 5955126930416340804

4139 pokeman the Thaumaturge (level 10, -7/54 HPs)
             Began as a Deep Elf Hedge Wizard on Sept 27, 2021.
             Was a Follower of Vehumet.
             Mangled by a skeletal warrior (21 damage)
             ... led by a skeletal warrior
             ... on level 8 of the Dungeon on Sept 28, 2021.
             The game lasted 00:28:56 (10227 turns).

pokeman the Thaumaturge (Deep Elf Hedge Wizard)    Turns: 10227, Time: 00:28:57

Health: -7/54      AC:  6    Str:  7    XL:     10   Next: 7%
Magic:  1/28       EV: 13    Int: 23    God:    Vehumet [*.....]
Gold:   454        SH:  0    Dex: 14    Spells: 22/34 levels left

rFire   . . .      SeeInvis .   y - +0 shortbow
rCold   . . .      Faith    .   (shield currently unavailable)
rNeg    . . .      Spirit   .   I - +0 steam dragon scales
rPois   .          Reflect  .   c - +0 hat
rElec   .          Harm     .   (no cloak)
rCorr   .          Rampage  .   (no gloves)
Will    ++...                   b - +0 pair of boots
Stlth   ++........              (no amulet)
HPRegen 0.18/turn               l - ring of wizardry
MPRegen 0.21/turn               C - ring of willpower

@: no status effects
A: no striking features
a: Renounce Religion


You were on level 8 of the Dungeon.
You worshipped Vehumet.
Vehumet was aware of your devotion.
You visited 2 branches of the dungeon, and saw 9 of its levels.

You collected 454 gold pieces.

Inventory:

Hand Weapons
 y - a +0 shortbow (weapon)
 D - a +2 short sword of venom
 E - a +5 rapier of flaming
 J - the +2 long sword of Sequestration {flame, Int+3}
   (You found it on level 8 of the Dungeon)

   It burns those it strikes, dealing additional fire damage.
   Big, fiery blades are also staple armaments of hydra-hunters.
   Int:       It affects your intelligence (+3).
Missiles
 a - a throwing net
 f - 30 poisoned darts
 i - 15 bolts
 k - 110 arrows (quivered ammo)
Armour
 b - a +0 pair of boots (worn)
 c - a +0 hat (worn)
 A - a +0 buckler
 I - +0 steam dragon scales (worn)
 L - a +1 leather armour of willpower
Jewellery
 l - a ring of wizardry (left hand)
 B - a ring of resist corrosion
 C - a ring of willpower (right hand)
Wands
 t - a wand of charming (3)
 u - a wand of iceblast (4)
 H - a wand of digging (16)
Scrolls
 e - 3 scrolls of fear {unknown}
 h - 2 scrolls of torment {unknown}
 n - 4 scrolls of identify {unknown}
 p - 2 scrolls of enchant armour {unknown}
 q - 2 scrolls of teleportation {unknown}
 s - a scroll of fog {unknown}
 w - 2 scrolls of amnesia {unknown}
 F - a scroll of magic mapping {unknown}
 K - a scroll of enchant weapon {unknown}
Potions
 d - a potion of curing {unknown}
 g - a potion of heal wounds
 j - a potion of magic {unknown}
 m - 3 potions of might {unknown}
 o - 2 potions of ambrosia {unknown}
 r - a potion of brilliance {unknown}
 v - a potion of mutation {unknown}
 x - 2 potions of berserk rage {unknown}
 z - 2 potions of lignification {unknown}
 G - a potion of attraction {unknown}


   Skills:
 + Level 2.7 Fighting
 - Level 3.0 Armour
 - Level 3.0 Dodging
 - Level 3.0 Stealth
 - Level 2.0 Shields
 * Level 12.7 Spellcasting
 + Level 7.1 Conjurations
 - Level 4.0 Summonings
 - Level 1.1 Translocations
 + Level 4.6 Fire Magic
 - Level 1.3 Air Magic
 - Level 1.3 Poison Magic
 - Level 2.0 Evocations


You had 22 spell levels left.
You knew the following spells:

 Your Spells              Type           Power      Damage    Failure   Level
a - Magic Dart            Conj           100%       1d8       1%          1
b - Mephitic Cloud        Conj/Pois/Air  29%        N/A       1%          3
c - Call Imp              Summ           33%        N/A       1%          2
d - Blink                 Tloc           N/A        N/A       1%          2
e - Conjure Flame         Conj/Fire      41%        6-21      1%          3
f - Foxfire               Conj/Fire      100%       2x1d9     1%          1

Your spell library contained the following spells:

 Spells                   Type           Power      Damage    Failure   Level
 Sandblast                Erth           28%        2d8       1%          1
 Inner Flame              Hex/Fire       25%        N/A       1%          3
 Flame Wave               Conj/Fire      41%        3d8       1%          4
 Slow                     Hex            14%        N/A       2%          2
 Summon Lightning Spire   Summ/Air       27%        N/A       6%          4
 Storm Form               Tmut/Air       8%         N/A       100%        7
 Maxwell's Capacitive Co  Air            10%        ∞         100%        8


Dungeon Overview and Level Annotations

Branches:
Dungeon (8/15)             Temple (1/1) D:4
   Lair: D:8-11

Altars:
Ashenzari
Cheibriados
Dithmenos
Elyvilon
Gozag
Hepliaklqana
Kikubaaqudgha
Makhleb
Nemelex Xobeh
Okawaru
Qazlal
Sif Muna
Trog
Uskayaw
Vehumet
Xom
Yredelemnul
The Shining One

Shops:
D:3 !   D:4 *   D:8 :


Message History

Casting: Conjure Flame (safe; 1% risk of failure)
Confirm with . or Enter, or press ? or * to list all spells.
A beastly little devil appears in a puff of flame.
The skeletal warrior is engulfed in blazing flames.
The skeletal warrior hits you with a +0 scimitar!!
Unknown command.
Fire: 112 arrows
Press: ? - help, Q - select action, (/) - cycle Shift-Dir - straight line, f/p - skeletal warrior
Aim: a skeletal warrior, wielding a +0 scimitar (flame, heavily damaged, ally target, 59% to hit)
You shoot an arrow.
The arrow hits the skeletal warrior but does no damage.
The skeletal warrior is heavily damaged.
The skeletal warrior is engulfed in blazing flames.
The skeletal warrior hits you with a +0 scimitar!
* * * LOW HITPOINT WARNING * * *
Your crimson imp blinks!
Casting: Call Imp (safe; 1% risk of failure)
Confirm with . or Enter, or press ? or * to list all spells.
You blink.
The skeletal warrior is engulfed in blazing flames.
Casting: Blink (safe; 1% risk of failure)
Confirm with . or Enter, or press ? or * to list all spells.
The fire begins to smoulder!
Your crimson imp hits the skeletal warrior but does no damage.
The skeletal warrior hits your crimson imp with a +0 scimitar.
Your crimson imp blinks!
The fire ignites!
Fire: 111 arrows
Press: ? - help, Q - select action, (/) - cycle Shift-Dir - straight line, f/p - skeletal warrior
Aim: a skeletal warrior, wielding a +0 scimitar (severely damaged, ally target, 59% to hit)
You shoot an arrow.
The arrow barely misses the skeletal warrior.
The skeletal warrior hits your crimson imp with a +0 scimitar!
Your crimson imp dies!
Your crimson imp disappears in a puff of smoke!
Casting: Conjure Flame (safe; 1% risk of failure)
Confirm with . or Enter, or press ? or * to list all spells.
You blink.
The skeletal warrior hits you with a +0 scimitar!!
You die...

.....####....##........
.###. #..#.#........#
...## #.##..........#
=...###.......<.....#
..._.............#...#
....#.###......##... #..
#.##.......##... #
#§###.##...#...##...
#§####(z@§§#...#######...
#...(.(#####.### ##..
######..(..(.# #.#
######### ##


You could see a skeletal warrior.

Vanquished Creatures
  A skeletal warrior (D:8)
  Maggie (D:6)
  Eustachio (D:5)
  A steam dragon (D:8)
  3 water moccasins
  An orc warrior (D:7)
  3 sky beasts
  A black bear (D:5)
  2 necrophages
  2 ice beasts (D:8)
  5 ogres
  A centaur (D:5)
  A phantom (D:5)
  4 kobold brigands
  2 bullfrogs
  A scorpion (D:5)
  5 wights (D:8)
  A bullfrog zombie (D:5)
  A centaur zombie (D:8)
  3 hounds
  2 jellies
  2 orc priests
  A centaur skeleton (D:4)
  3 iguanas (D:5)
  2 orc wizards (D:6)
  A killer bee zombie (D:6)
  7 adders
  2 white imps
  An ufetubus (D:6)
  An adder skeleton (D:5)
  An adder zombie (D:5)
  4 worms
  4 dart slugs
  23 orcs
  3 endoplasms
  4 giant cockroaches
  9 goblins
  6 hobgoblins
  13 jackals
  A quokka (D:1)
  8 ball pythons
  6 bats
  5 frilled lizards
  26 kobolds
  7 rats
182 creatures vanquished.

Vanquished Creatures (collateral kills)
  4 foxfires (D:6)
4 creatures vanquished.

Vanquished Creatures (others)
  414 foxfires
  9 plants (D:6)
423 creatures vanquished.

Grand Total: 609 creatures vanquished

Notes
Turn   | Place    | Note
-------+----------+-------------------------------------------
     0 | D:1      | pokeman the Deep Elf Hedge Wizard began the quest for the
                  | Orb.
     0 | D:1      | Reached XP level 1. HP: 10/10 MP: 7/7
   233 | D:1      | Reached XP level 2. HP: 7/16 MP: 2/9
   658 | D:1      | Reached skill level 5 in Spellcasting
   864 | D:1      | Reached XP level 3. HP: 20/20 MP: 9/11
   868 | D:1      | Learned a level 3 spell: Mephitic Cloud
   871 | D:1      | Learned a level 2 spell: Call Imp
   874 | D:1      | Learned a level 2 spell: Blink
   878 | D:1      | Learned a level 3 spell: Conjure Flame
  1070 | D:1      | Found a faded altar of an unknown god.
  1386 | D:2      | HP: 1/20 [worm (9)]
  1388 | D:2      | Reached skill level 1 in Fighting
  1740 | D:2      | Reached skill level 1 in Armour
  2177 | D:2      | Reached XP level 4. HP: 21/25 MP: 9/13
  3151 | D:3      | Learned a level 1 spell: Foxfire
  3640 | D:3      | Found Moerph's Distillery.
  3785 | D:4      | Reached skill level 6 in Spellcasting
  3785 | D:4      | Reached skill level 1 in Fire Magic
  3785 | D:4      | Reached XP level 5. HP: 29/29 MP: 8/15
  3836 | D:4      | Noticed an ogre
  3840 | D:4      | Killed an ogre
  3880 | D:4      | Noticed an ogre
  3890 | D:4      | Killed an ogre
  3891 | D:4      | Reached skill level 1 in Air Magic
  3891 | D:4      | Reached XP level 6. HP: 34/34 MP: 11/17
  3966 | D:4      | Reached skill level 1 in Evocations
  4234 | D:4      | Reached skill level 7 in Spellcasting
  4417 | D:4      | You fall into a shaft and drop 1 floor!
  4417 | D:5      | Entered Level 5 of the Dungeon
  4448 | D:5      | Reached skill level 1 in Poison Magic
  4459 | D:5      | HP: 1/34 [centaur (3)]
  4466 | D:5      | Reached XP level 7. HP: 2/38 MP: 1/20
  4739 | D:5      | Reached skill level 8 in Spellcasting
  4768 | D:5      | Found a sparkling altar of Nemelex Xobeh.
  4768 | D:5      | Found a hide-covered altar of Uskayaw.
  4994 | D:4      | Found Dyizacue's Gadget Gallery.
  5039 | D:4      | Found a staircase to the Ecumenical Temple.
  5044 | Temple   | Entered the Ecumenical Temple
  5210 | Temple   | Became a worshipper of Vehumet
  5766 | D:5      | Found an ancient bone altar of Kikubaaqudgha.
  6031 | D:5      | Reached XP level 8. HP: 44/44 MP: 13/22
  6050 | D:5      | Noticed Eustachio
  6070 | D:5      | Killed Eustachio
  6071 | D:5      | Reached skill level 9 in Spellcasting
  6264 | D:5      | Reached skill level 1 in Shields
  6373 | D:5      | Reached skill level 5 in Conjurations
  6737 | D:6      | Reached skill level 10 in Spellcasting
  7437 | D:6      | Reached XP level 9. HP: 38/48 MP: 20/25
  7609 | D:6      | Reached * piety under Vehumet
  7609 | D:6      | Offered knowledge of Sandblast by Vehumet.
  7863 | D:6      | Noticed Maggie
  7900 | D:6      | Killed Maggie
  7901 | D:6      | Reached skill level 11 in Spellcasting
  9096 | D:8      | Reached skill level 12 in Spellcasting
  9112 | D:8      | Identified the +2 long sword of Sequestration {flame,
                  | Int+3}
  9201 | D:8      | Found a bloodstained altar of Trog.
  9240 | D:8      | Found Reimm's Book Emporium.
  9268 | D:8      | Upgraded the game from 0.28-a0-537-g3bccd9ccbf to
                  | 0.28-a0-556-gab23d0e057
  9272 | D:8      | Found an iron altar of Okawaru.
  9530 | D:8      | Noticed a skeletal warrior
  9630 | D:8      | Found a stormy altar of Qazlal.
  9705 | D:8      | Noticed a skeletal warrior
  9763 | D:8      | Killed a skeletal warrior
  9764 | D:8      | Reached XP level 10. HP: 54/54 MP: 11/28
  9858 | D:8      | Noticed a skeletal warrior
  9865 | D:8      | Noticed a skeletal warrior
  9865 | D:8      | Noticed a skeletal warrior
 10181 | D:8      | Found a glowing golden altar of the Shining One.
 10227 | D:8      | Mangled by a skeletal warrior

Illustrated notes

Levels and vault maps discovered:
D:1:      saegor_arrival_simple_a, layout_rooms,
          dreamdust_ecumenical_altar_angels_and_demons, st_stairs_11
D:2:      layout_basic, serial_aquarium, aquarium_bridge_square
          [aquarium_subvault_wall, aquarium_subvault_bridge,
          aquarium_subvault_wall, aquarium_subvault_wall], aquarium_window_3,
          aquarium_window_fake, aquarium_window_fake, aquarium_view_2e,
          aquarium_view_2f, aquarium_pool_1, minmay_tromino_mix6
D:3:      layout_loops_ring, serial_shops, nicolae_shop_behind_doors
D:4:      layout_loops_ring, minmay_temple_entry_glassed_door,
          nicolae_shop_gadgets
D:5:      layout_loops_ring, chequers_temple_overflow_statue_of_worship,
          mainiacjoe_overflow_alcove_1, minmay_misc_feat_rugged,
          chequers_serial_rivers_small_b, kennysheep_potato, uniq_eustachio
D:6:      layout_basic, serial_bayou, serial_bayou_crossing,
          serial_bayou_ford_a, serial_bayou_shore_b, serial_bayou_pond_a,
          serial_bayou_shore_b, uniq_maggie
D:7:      layout_rooms, solitary_fountain, amethyst_killhole,
          minmay_misc_feat_diagonals, minmay_statues_item
D:8:      layout_cave_pools, nicolae_qazlal_general_emergency,
          amcnicky_altar_gilded, nicolae_overflow_crystal_walls,
          pf_just_have_faith, serial_shops, shop, minmay_misc_feat_secret_circle
Temple:   nicolae_temple_figure_eight

Skill      XL: |  1  2  3  4  5  6  7  8  9 |
---------------+----------------------------+-----
Spellcasting   | 5 6 7 8 10 12 | 12.7
Fighting       | 1 2 |  2.7
Armour         | 1 3 |  3.0
Conjurations   | 2 3 4 5 7 |  7.1
Dodging        | 3 |  3.0
Fire Magic     | 1 2 3 4 |  4.6
Stealth        | 3 |  3.0
Air Magic      | 1 |  1.3
Evocations     | 2 |  2.0
Poison Magic   | 1 |  1.3
Shields        | 2 |  2.0
Summonings     | 3 4 |  4.0
Translocations | |  1.1

Action                   |  1- 3 |  4- 6 |  7- 9 | 10-12 || total
-------------------------+-------+-------+-------+-------++-------
Melee: Dagger            |    16 |     1 |       |       ||    17
       Spear             |       |    40 |     5 |       ||    45
       Short sword       |       |       |    13 |       ||    13
       Rapier            |       |       |    25 |       ||    25
 Fire: Shortbow          |       |       |       |    28 ||    28
Throw: Dart              |    17 |       |       |       ||    17
 Cast: Magic Dart        |   107 |    83 |    17 |       ||   207
       Foxfire           |       |    47 |   174 |    14 ||   235
       Blink             |       |     1 |     3 |     4 ||     8
       Mephitic Cloud    |       |     3 |    15 |       ||    18
       Conjure Flame     |       |     2 |    19 |    17 ||    38
       Call Imp          |       |     2 |     2 |     2 ||     6
Evoke: Wand              |       |       |     1 |     2 ||     3
 Stab: Confused          |       |       |     6 |       ||     6
Armor: Robe              |     3 |       |       |       ||     3
       Leather armour    |       |    25 |     5 |       ||    30
       Steam dragon scal |       |       |     6 |     1 ||     7
Dodge: Dodged            |    25 |    60 |    30 |     2 ||   117

Table legend: (Time is in decaauts)
 A = Elapsed time spent in this place.
 B = Non-inter-level travel time spent in this place.
 C = Inter-level travel time spent in this place.
 D = Time resting spent in this place.
 E = Time spent auto-exploring this place.
 F = Levels seen in this place.
 G = Mean time per level.
                   A        B        C        D        E       F      G
               +--------+--------+--------+--------+--------+-----+--------+
         Total |  10258 |   9942 |    316 |    752 |   7515 |   9 | 1139.8 |
       Dungeon |  10071 |   9772 |    299 |    752 |   7353 |   8 | 1258.9 |
        Temple |    187 |    170 |     17 |      0 |    162 |   1 |  187.0 |
               +--------+--------+--------+--------+--------+-----+--------+

Top non-repeatable levels by time:
     D:6: 1747 daAuts
     D:2: 1512 daAuts
     D:5: 1478 daAuts
     D:4: 1220 daAuts
     D:1: 1198 daAuts
     D:3: 1012 daAuts
     D:7: 967 daAuts
     D:8: 934 daAuts
  Temple: 187 daAuts
